 Dungeon Crawl Stone Soup version 0.24-a0-417-g1cce26a4d2 (webtiles) character file.

Game seed: 1227613712311611540

38833 Ilgrip the Prestidigitator (level 13, -3/85 HPs)
             Began as a Demonspawn Arcane Marksman on June 11, 2019.
             Was an Elder of Kikubaaqudgha.
             Hit by a silver javelin thrown by a minotaur (10 damage)
             ... in a Gauntlet.
             The game lasted 04:36:40 (26310 turns).

Ilgrip the Prestidigitator (DsAM)                  Turns: 26310, Time: 04:36:41

Health: -3/85      AC: 19    Str: 28    XL:     13   Next: 65%
Magic:  5/25       EV: 21    Int: 14    God:    Kikubaaqudgha [****..]
Gold:   1333       SH:  0    Dex: 17    Spells: 10/28 levels left

rFire    + + +     SeeInvis +   N - +0 demon trident (elec)
rCold    . . .     Gourm    .   (no shield)
rNeg     + + .     Faith    .   M - +2 chain mail "Doihub" {rF++ Int-2 SInv}
rPois    +         Spirit   .   d - +0 helmet
rElec    .         Reflect  .   y - +1 cloak {rPois}
rCorr    .         Harm     .   B - +0 pair of gloves
MR       +....     NoTele   +   D - +0 pair of boots
Stlth    +.........             o - amulet of Areakiag {RegenMP Slay+6}
HPRegen  0.24/turn              s - ring "Kykullu" {rF+ rN+ MR+ Str+4 Stlth+}
MPRegen  0.19/turn              t - ring of Doybeg {rPois rN+ Str+8 Int-3 Dex-2}

@: mighty, agile, very slightly contaminated
A: hooves 2, repulsion field 1, powered by death 2, powered by pain 3
a: Receive Corpses, Renounce Religion


You were in a Gauntlet.
You worshipped Kikubaaqudgha.
Kikubaaqudgha was greatly pleased with you.
You were not hungry.

You visited 3 branches of the dungeon, and saw 19 of its levels.
You also visited: Gauntlet and Ice Cave.

You collected 1333 gold pieces.

Inventory:

Hand Weapons
 q - the +8 quarterstaff of Arbitration {crush, +Inv Stlth+}
   (You took it off a gnoll on level 3 of the Dungeon)

   It inflicts extra damage upon your enemies.
   It lets you turn invisible.
   It makes you more stealthy.
 E - a +2 shortbow of flaming
 N - a +0 demon trident of electrocution (weapon)
 O - a +2 arbalest of freezing
Missiles
 i - 304 arrows
 l - 13 boomerangs
 r - 10 atropa-tipped darts
 F - 6 curare-tipped darts
 G - a throwing net
 W - 49 poisoned darts (quivered)
Armour
 d - a +0 helmet (worn)
 y - a +1 cloak of poison resistance (worn)
 B - a +0 pair of gloves (worn)
 D - a +0 pair of boots (worn)
 M - the +2 chain mail "Doihub" (worn) {rF++ Int-2 SInv}
   (You found it on level 9 of the Dungeon)

   It affects your intelligence (-2).
   It greatly protects you from fire.
   It lets you see invisible.
 V - a +1 robe of positive energy
Jewellery
 c - the cursed ring of Brawling {AC-3 Str+3 Dex+4, unknown}
   (You found it in a Gauntlet)

   [ring of protection]

   It affects your AC (-3).
   It affects your strength (+3).
   It affects your dexterity (+4).
   It has a curse placed upon it.
 o - the amulet of Areakiag (around neck) {RegenMP Slay+6}
   (You found it in a Gauntlet)

   [amulet of magic regeneration]

   It increases your magic regeneration.
   It affects your accuracy and damage with ranged weapons and melee attacks
   (+6).
 s - the ring "Kykullu" (left hand) {rF+ rN+ MR+ Str+4 Stlth+}
   (You found it on level 1 of the Lair of Beasts)

   [ring of protection from fire]

   It affects your strength (+4).
   It protects you from fire.
   It protects you from negative energy.
   It affects your resistance to hostile enchantments.
   It makes you more stealthy.
 t - the ring of Doybeg (right hand) {rPois rN+ Str+8 Int-3 Dex-2}
   (You found it on level 1 of the Lair of Beasts)

   [ring of positive energy]

   It affects your strength (+8).
   It affects your intelligence (-3).
   It affects your dexterity (-2).
   It protects you from poison.
   It protects you from negative energy.
 H - the amulet "Mub Doih" {Regen+ Stlth+}
   (You found it on level 5 of the Dungeon)

   [amulet of regeneration]

   It increases your rate of regeneration.
   It makes you more stealthy.
 I - an uncursed ring of see invisible
 K - an uncursed ring of protection from cold
Wands
 h - a wand of iceblast (21)
 k - a wand of digging (7)
 m - a wand of flame (10)
 u - a wand of paralysis (19)
 J - a wand of polymorph (16)
 L - a wand of scattershot (8)
 U - a wand of disintegration (25)
Scrolls
 a - 4 scrolls of identify
 b - 4 scrolls of fear
 e - 2 scrolls of blinking
 g - 12 scrolls of remove curse
 n - 4 scrolls of immolation
 p - 4 scrolls of magic mapping
 w - a scroll of enchant armour
 Q - 4 scrolls of fog
 S - 5 scrolls of teleportation
Potions
 j - 2 potions of invisibility
 z - 13 potions of curing
 X - 4 potions of ambrosia
Miscellaneous
 A - a sack of spiders
 C - a lamp of fire
 P - a phantom mirror
 R - a box of beasts
 Z - a phial of floods (inert)
Comestibles
 f - 27 rations
 v - 2 chunks of flesh


   Skills:
 - Level 2.7 Fighting
   Level 2.0(3.1) Slings
 - Level 3.6(3.9) Throwing
 * Level 8.9 Armour
 + Level 8.1 Dodging
 - Level 8.0 Spellcasting
 - Level 8.3 Hexes
 * Level 10.5 Necromancy
 * Level 3.1 Transmutations
 - Level 12.0 Evocations


You had 10 spell levels left.
You knew the following spells:

 Your Spells              Type           Power        Failure   Level  Hunger
a - Corona                Hex            ####...      1%          1    None
b - Slow                  Hex            ####....     2%          2    None
c - Cause Fear            Hex            ####......   19%         4    ####...
d - Pain                  Necr           ####         1%          1    None
e - Confusing Touch       Hex            ####..       1%          1    None
f - Sticks to Snakes      Tmut           ##......     24%         2    None
g - Regeneration          Chrm/Necr      ###.......   21%         3    ##.....
h - Animate Dead          Necr           N/A          8%          4    ####...

Your spell library contained the following spells:

 Spells                   Type           Power        Failure   Level  Hunger
 Animate Skeleton         Necr           N/A          1%          1    None
 Sublimation of Blood     Necr           #####.....   1%          2    None
 Beastly Appendage        Tmut           ##....       16%         1    None
 Dispel Undead            Necr           #####...     22%         5    #####..
 Inner Flame              Hex/Fire       ###.....     30%         3    ##.....
 Portal Projectile        Hex/Tloc       ###...       30%         3    ##.....
 Apportation              Tloc           #.....       50%         1    None
 Summon Small Mammal      Summ           #...         50%         1    None
 Spider Form              Tmut/Pois      ##........   65%         3    ##.....
 Leda's Liquefaction      Hex/Erth       ###.......   71%         4    ####...
 Bolt of Draining         Conj/Necr      ###.......   88%         5    #####..
 Excruciating Wounds      Chrm/Necr      ###.......   88%         5    #####..
 Ice Form                 Ice/Tmut       ##......     96%         4    ####...
 Metabolic Englaciation   Hex/Ice        ###.......   96%         5    #####..
 Blade Hands              Tmut           ##........   99%         5    #####..
 Bolt of Cold             Conj/Ice       #.........   100%        6    #######
 Freezing Cloud           Conj/Ice/Air   #.........   100%        6    #######
 Ozocubu's Refrigeration  Ice            #.........   100%        6    #######
 Simulacrum               Ice/Necr       ###.......   100%        6    #######


Dungeon Overview and Level Annotations

Branches:
Dungeon (12/15)            Temple (1/1) D:5            Lair (6/6) D:11
  Swamp (0/4) Lair:3        Snake (0/4) Lair:3        Slime (0/5) Lair:6
    Orc (0/2) D:11

Altars:
Ashenzari
Cheibriados
Dithmenos
Elyvilon
Fedhas
Gozag
Hepliaklqana
Kikubaaqudgha
Makhleb
Nemelex Xobeh
Okawaru
Qazlal
Ru
Sif Muna
Trog
Uskayaw
Vehumet
Wu Jian
Xom
Yredelemnul
Zin
The Shining One

Annotations:
Lair:1 Harold
Lair:5 exclusion: oklob plant
Lair:6 Urug Gauntlet 6 transporters


Innate Abilities, Weirdness & Mutations

You have hoof-like feet.
You are surrounded by a mild repulsion field. (EV +2)
You regenerate health from kills.
You are powered by pain.


Message History

Press: ? - help, Dir - move target cursor, f/p - minotaur
Aim: a minotaur, wearing a +0 plate armour (lightly wounded)
You could not reach far enough!
Your tarantella zombie bites the minotaur but does no damage.
The minotaur throws a silver javelin.
The silver javelin completely misses your tarantella zombie.
The silver javelin pierces through you!
You focus on the pain.
You feel very mighty all of a sudden. The silver sears you!
Your orb spider zombie bites the minotaur.
Your tarantella zombie bites the minotaur but does no damage.
The minotaur throws a silver javelin.
The silver javelin pierces through your tarantella zombie.
The silver javelin pierces through you!!
* * * LOW HITPOINT WARNING * * *
You focus on the pain.
You feel mightier all of a sudden. The silver sears you!
You die...
Kikubaaqudgha rasps: "You have failed me!
Welcome... death!"

###.##.##.
#.#
###.##.##.
#........H.
#.##.###'#.
#.##.###
#..†H.(#
##.##Z##
#Z##H##
#.@ZZ.#
##Z##.# ###
##


You could see a minotaur, a friendly anaconda zombie, a friendly orb spider
zombie, a friendly tarantella zombie and a friendly centaur warrior zombie.

Vanquished Creatures
  Erolcha (D:10)
  2 hydras
  2 two-headed ogres
  2 death yaks (IceCv)
  A soul eater (Gauntlet)
  A necromancer (Gauntlet)
  A manticore (Lair:5)
  An elephant (Lair:5)
  A black mamba (Lair:5)
  2 centaur zombies
  An ice statue (IceCv)
  5 spiny frogs
  4 rime drakes
  2 komodo dragons
  12 polar bears (IceCv)
  A hornet (D:9)
  2 trolls
  16 blink frogs
  7 hippogriffs
  2 wyverns (Lair:5)
  42 yaks
  3 hogs (D:7)
  4 basilisks
  A human (D:7)
  4 hungry ghosts
  A naga (Lair:3)
  A two-headed ogre zombie (D:11)
  A hell hound (Lair:5)
  7 porcupines
  6 water moccasins
  6 orc warriors
  An ice beast (D:7)
  2 phantoms
  A black bear (D:11)
  2 sky beasts
  5 ogres
  29 wolves
  5 centaurs
  8 crocodiles
  A big kobold (D:9)
  2 earth elementals (D:10)
  12 bullfrogs
  A gnoll sergeant (D:7)
  6 scorpions
  3 troll zombies (D:11)
  15 killer bees
  2 howler monkeys
  13 wights
  6 crimson imps
  A quasit (D:7)
  A centaur skeleton (D:9)
  A bullfrog skeleton (D:7)
  4 hounds
  11 orc priests
  The ghost of Tovarisch the Stinger, a weakling FeVM (D:3)
  7 iguanas
  2 jellies
  14 orc wizards
  3 iron imps (D:6)
  Jessica (D:3)
  7 worker ants
  4 ogre zombies (D:11)
  2 hound skeletons
  10 gnolls
  A howler monkey skeleton (D:10)
  15 adders
  6 shadow imps
  An ooze (D:5)
  An adder skeleton (D:9)
  An adder zombie (D:4)
  6 worms
  49 orcs
  4 ball pythons
  12 bats
  5 giant cockroaches
  8 goblins
  4 hobgoblins
  12 jackals
  7 quokkas
  A ball python skeleton (D:4)
  4 frilled lizards
  A giant cockroach zombie (D:4)
  3 goblin skeletons (D:11)
  2 hobgoblin skeletons (D:11)
  6 hobgoblin zombies (D:11)
  21 kobolds
  2 leopard gecko skeletons (D:4)
  A leopard gecko zombie (D:4)
  3 orc skeletons (D:11)
  11 orc zombies (D:11)
  A quokka zombie (D:7)
  3 rats
  A spectral orc (D:9)
517 creatures vanquished.

Vanquished Creatures (collateral kills)
  A frost giant (IceCv)
  3 death yaks (Gauntlet)
  2 elephants (Lair:5)
  A spiny frog (Lair:5)
  A rime drake (Lair:5)
  A hippogriff (Lair:5)
  3 wyverns (Lair:5)
  A basilisk (Lair:5)
  4 wolves
17 creatures vanquished.

Vanquished Creatures (others)
  A polar bear (IceCv)
  2 wolves (IceCv)
  A quokka (D:8)
  4 kobolds (D:3)
  13 fungi
  5 plants (D:11)
26 creatures vanquished.

Grand Total: 560 creatures vanquished

Notes
Turn   | Place    | Note
-------+----------+-------------------------------------------
     0 | D:1      | Ilgrip the Demonspawn Arcane Marksman began the quest for
                  | the Orb.
     0 | D:1      | Reached XP level 1. HP: 15/15 MP: 2/2
    68 | D:1      | Gained mutation: You regenerate a little health from kills.
                  | [demonic ancestry]
    68 | D:1      | Reached XP level 2. HP: 20/21 MP: 3/3
  1215 | D:2      | Learned a level 2 spell: Slow
  1234 | D:2      | Gained mutation: You are surrounded by a mild repulsion
                  | field. (EV +2) [demonic ancestry]
  1234 | D:2      | Reached XP level 3. HP: 20/26 MP: 0/5
  1809 | D:2      | Reached skill level 1 in Throwing
  1985 | D:2      | Gained mutation: You sometimes gain a little power by
                  | taking damage. [demonic ancestry]
  1985 | D:2      | Reached XP level 4. HP: 32/32 MP: 6/6
  2171 | D:2      | Found a sacrificial altar of Ru.
  2380 | D:3      | Learned a level 4 spell: Cause Fear
  2586 | D:3      | Found a faded altar of an unknown god.
  2814 | D:3      | Reached XP level 5. HP: 37/37 MP: 4/8
  3479 | D:3      | Noticed Jessica
  3485 | D:3      | Killed Jessica
  3561 | D:3      | Found a runed translucent gate.
  3561 | D:3      | Found a runed translucent gate.
  3561 | D:3      | Found a runed translucent gate.
  3561 | D:3      | Noticed Tovarisch's ghost (weakling FeVM)
  3562 | D:3      | Identified the cursed +1 dagger "Demonslayer" {elec, rN++
                  | MR- Int+3}
  4128 | D:4      | Reached XP level 6. HP: 34/43 MP: 2/10
  4592 | D:4      | Identified the +8 quarterstaff of Arbitration {crush, +Inv
                  | Stlth+}
  5007 | D:4      | Reached skill level 5 in Hexes
  5183 | D:4      | Found a radiant altar of Vehumet.
  5349 | D:5      | Entered Level 5 of the Dungeon
  5355 | D:5      | Found a staircase to the Ecumenical Temple.
  5358 | D:5      | Noticed a sky beast
  5374 | D:5      | Killed a sky beast
  5374 | D:5      | Gained mutation: You regenerate health from kills. [demonic
                  | ancestry]
  5374 | D:5      | Reached XP level 7. HP: 42/50 MP: 0/12
  5476 | Temple   | Entered the Ecumenical Temple
  5691 | Temple   | Became a worshipper of Kikubaaqudgha
  5884 | D:5      | Got a bound golden amulet
  5907 | D:5      | Identified the amulet "Mub Doih" {Regen+ Stlth+} (You found
                  | it on level 5 of the Dungeon)
  5965 | D:5      | Found a hazy altar of Hepliaklqana.
  6617 | D:6      | Reached skill level 1 in Evocations
  6775 | D:6      | Reached skill level 2 in Evocations
  6845 | D:6      | Reached * piety under Kikubaaqudgha
  6845 | D:6      | Identified Kikubaaqudgha's Guide on Black Arts
                  | (Kikubaaqudgha gifted it to you on level 6 of the Dungeon)
  6845 | D:6      | Received a gift from Kikubaaqudgha
  6899 | D:6      | Reached skill level 3 in Evocations
  6899 | D:6      | Gained mutation: You have large cloven feet. [demonic
                  | ancestry]
  6899 | D:6      | Reached XP level 8. HP: 57/57 MP: 7/13
  7095 | D:6      | Found a blossoming altar of Fedhas.
  7097 | D:6      | Found a stormy altar of Qazlal.
  7385 | D:6      | Reached skill level 4 in Evocations
  7607 | D:6      | Reached skill level 5 in Evocations
  7842 | D:6      | Reached skill level 6 in Evocations
  8367 | D:6      | Found a burning altar of Makhleb.
  8377 | D:6      | Reached skill level 7 in Evocations
  8513 | D:6      | Learned a level 1 spell: Pain
  8515 | D:6      | Learned a level 1 spell: Confusing Touch
  8518 | D:6      | Learned a level 2 spell: Sticks to Snakes
  8522 | D:6      | Learned a level 3 spell: Regeneration
  8817 | D:7      | Noticed a hippogriff
  9057 | D:5      | Gained mutation: You sometimes gain power by taking damage.
                  | [demonic ancestry]
  9057 | D:5      | Reached XP level 9. HP: 31/62 MP: 7/14
  9225 | D:7      | Reached skill level 8 in Evocations
  9599 | D:7      | Reached ** piety under Kikubaaqudgha
  9682 | D:7      | Reached skill level 9 in Evocations
  9871 | D:7      | Reached skill level 10 in Evocations
 10328 | D:3      | Killed Tovarisch's ghost
 10673 | D:8      | Found a glowing silver altar of Zin.
 10718 | D:8      | Found a white marble altar of Elyvilon.
 11009 | D:8      | Reached XP level 10. HP: 68/68 MP: 17/17
 11424 | D:7      | Reached *** piety under Kikubaaqudgha
 11424 | D:7      | Identified Kikubaaqudgha's Compendium of Black Arts
                  | (Kikubaaqudgha gifted it to you on level 7 of the Dungeon)
 11424 | D:7      | Received a gift from Kikubaaqudgha
 11435 | D:7      | Learned a level 4 spell: Animate Dead
 11471 | D:8      | Found an opulent altar of Gozag.
 11799 | D:9      | Reached skill level 5 in Spellcasting
 12205 | D:9      | Reached skill level 11 in Evocations
 12260 | D:9      | Noticed a +0 dagger
 12261 | D:9      | Found a hide-covered altar of Uskayaw.
 12261 | D:9      | Noticed a +0 hand axe
 12332 | D:9      | Found a basalt altar of Yredelemnul.
 12370 | D:9      | Found a deep blue altar of Sif Muna.
 12390 | D:9      | Reached **** piety under Kikubaaqudgha
 12558 | D:9      | Noticed a two-headed ogre
 12618 | D:9      | Found an iron altar of Okawaru.
 12763 | D:9      | Killed a two-headed ogre
 12832 | D:9      | Found a bloodstained altar of Trog.
 12966 | D:10     | Entered Level 10 of the Dungeon
 13346 | D:9      | Got an encrusted chain mail
 13357 | D:9      | Identified the +2 chain mail "Doihub" {rF++ Int-2 SInv}
                  | (You found it on level 9 of the Dungeon)
 13639 | D:9      | Reached XP level 11. HP: 48/74 MP: 9/20
 13815 | D:9      | Reached skill level 1 in Necromancy
 13970 | D:10     | Reached skill level 1 in Armour
 13997 | D:10     | Reached skill level 5 in Dodging
 14285 | D:10     | Noticed a two-headed ogre
 14320 | D:10     | Killed a two-headed ogre
 14346 | D:10     | Noticed Erolcha
 14619 | D:10     | Killed Erolcha
 15976 | D:11     | Found a staircase to the Lair.
 16108 | D:10     | Got a transparent short sword
 16109 | D:10     | Identified the +6 short sword "Ofiqyef" {speed, rElec MR-
                  | Dex+3} (You found it on level 10 of the Dungeon)
 16961 | D:11     | Found a staircase to the Orcish Mines.
 17351 | D:11     | Reached ***** piety under Kikubaaqudgha
 17443 | Lair:1   | Entered Level 1 of the Lair of Beasts
 17651 | Lair:1   | Noticed Harold
 17788 | Lair:1   | Got a flickering ivory ring
 17802 | Lair:1   | Got a crude steel ring
 17804 | Lair:1   | Identified the ring "Kykullu" {rF+ rN+ MR+ Str+4 Stlth+}
                  | (You found it on level 1 of the Lair of Beasts)
 17806 | Lair:1   | Identified the ring of Doybeg {rPois rN+ Str+8 Int-3 Dex-2}
                  | (You found it on level 1 of the Lair of Beasts)
 18273 | Lair:2   | Reached skill level 12 in Evocations
 18894 | Lair:1   | Reached skill level 5 in Necromancy
 18958 | Lair:2   | Gained mutation: You are powered by pain. [demonic
                  | ancestry]
 18958 | Lair:2   | Reached XP level 12. HP: 67/80 MP: 23/23
 19220 | Lair:2   | Noticed a four-headed hydra
 19825 | Lair:2   | Killed a four-headed hydra
 20155 | Lair:3   | Found a staircase to the Snake Pit.
 20313 | Lair:3   | Reached skill level 5 in Armour
 20734 | Lair:3   | Found a staircase to the Swamp.
 22833 | Lair:5   | Found a frozen archway.
 22883 | IceCv    | Entered an ice cave
 23412 | IceCv    | Gained mutation: You have hoof-like feet. [demonic
                  | ancestry]
 23412 | IceCv    | Reached XP level 13. HP: 49/85 MP: 22/25
 24026 | IceCv    | Noticed a frost giant
 24059 | IceCv    | Killed a frost giant
 24677 | Lair:5   | Reached skill level 1 in Transmutations
 25004 | Lair:5   | Reached skill level 10 in Necromancy
 25753 | Lair:6   | Entered Level 6 of the Lair of Beasts
 25753 | Lair:6   | Noticed Urug
 25758 | Lair:6   | Found a gate leading to a gauntlet.
 25769 | Gauntlet | Entered a Gauntlet
 25769 | Gauntlet | Found a transporter.
 25769 | Gauntlet | Found a transporter.
 25790 | Gauntlet | Found a transporter.
 25793 | Gauntlet | Found a transporter.
 25811 | Gauntlet | Found a transporter.
 25814 | Gauntlet | Found a transporter.
 25826 | Gauntlet | Found a transporter.
 25843 | Gauntlet | Found a transporter.
 25857 | Gauntlet | Found a transporter.
 25860 | Gauntlet | Found a transporter.
 25862 | Gauntlet | Noticed a death ooze
 25868 | Gauntlet | Found a transporter.
 25871 | Gauntlet | Found a transporter.
 26212 | Gauntlet | Got a brightly glowing amethyst amulet
 26219 | Gauntlet | Identified the amulet of Areakiag {RegenMP Slay+6} (You
                  | found it in a Gauntlet)
 26239 | Gauntlet | Got a shimmering wooden ring
 26241 | Gauntlet | Noticed a minotaur
 26310 | Gauntlet | Hit by a silver javelin thrown by a minotaur

Levels and vault maps discovered:
D:1:      evilmike_arrival_run_for_it, layout_basic,
          chequers_serial_rivers_micro_e
D:2:      layout_basic, hangedman_ru_absence
D:3:      layout_basic, gammafunk_ghost_nasty_kobolds,
          chequers_ecumenical_altar_simple_redux, uniq_jessica
D:4:      layout_rooms, vehumet_crystals, serial_undead, serial_undead_c,
          serial_undead_b, serial_undead_e, serial_undead_b
D:5:      layout_rooms, lemuel_doored_altar, minmay_temple_entry_mini_moons,
          first_ration
D:6:      layout_basic, grunt_temple_overflow_forces_of_nature, demons_altar
D:7:      layout_loops_ring, grunt_livestock
D:8:      minmay_tri_box, layout_gridville, nicolae_overflow_crystal_walls,
          elyvilon_altar_4, grunt_gozag_breadcrumbs
D:9:      layout_basic, overflow_temple_1_default, dancing_weapons_uskayaw,
          yredelemnul_forgotten_temple_becter, grunt_temple_overflow_bloody_war,
          minmay_statues_item
D:10:     layout_irregular_city, uniq_erolcha
D:11:     minmay_stone_box, layout_loops_cross, grunt_lair_entry_orc_guard_hut,
          zombieorc2_lemuel, kennysheep_generic_room_7
D:12:     layout_irregular_city, bh_walls_and_bars, uniq_nessos
Temple:   jpeg_temple_island
Lair:1:   layout_misc_corridors, uniq_harold
Lair:2:   layout_regular_city, chequers_serial_rivers_small_3,
          grunt_megastairs_1
Lair:3:   layout_small_grid, swamp_mist_pool, guppyfry_snake_entry_island,
          lemuel_fruit_tree, serial_bayou_shore_a, grunt_megastairs_4,
          lemuel_fruit_fields
Lair:4:   layout_regular_city
Lair:5:   layout_cave_pods, special_room [special_room_mythical_zoo],
          portal_ice_cave_rime, infiniplex_staircase_pool_2
Lair:6:   hangedman_lair_tendril_chambers, layout_gridlike,
          guppyfry_lair_end_dragon, slime_altar_1, gauntlet_entry_generic,
          chequers_serial_rivers_large_b, serial_bayou_lake_a, uniq_urug
Gauntlet: minmay_gauntlet_mixed_big_or_small [nicolae_gauntlet_arena_grate_2,
          minmay_gauntlet_arena_77_p_blocks, nicolae_gauntlet_arena_t_cross,
          minmay_gauntlet_arena_77_broken_ladder, nicolae_gauntlet_swirl,
          minmay_gauntlet_arena_77_mess, gauntlet_exit_green]

Skill      XL: |  1  2  3  4  5  6  7  8  9 10 11 12 13 |
---------------+----------------------------------------+-----
Slings         | 2 |  2.0
Dodging        | 2 3 4 5 7 8 |  8.1
Throwing       | 1 2 3 |  3.6
Spellcasting   | 2 3 4 6 7 8 |  8.0
Hexes          | 4 5 6 7 8 |  8.3
Fighting       | 2 |  2.7
Evocations     | 3 7 10 11 12 | 12.0
Necromancy     | 5 8 10 | 10.5
Armour         | 4 7 8 |  8.9
Transmutations | 3 |  3.1

Action                   |  1- 3 |  4- 6 |  7- 9 | 10-12 | 13-15 || total
-------------------------+-------+-------+-------+-------+-------++-------
Melee: Quarterstaff      |       |    24 |   231 |   973 |   234 ||  1462
       Hunting sling     |       |     2 |       |       |       ||     2
       Short sword       |       |       |       |    14 |       ||    14
       Demon trident     |       |       |       |       |    67 ||    67
 Fire: Hunting sling     |   195 |   258 |   316 |    72 |       ||   841
       Shortbow          |       |       |       |   155 |    43 ||   198
Throw: Stone             |       |     2 |       |     1 |       ||     3
       Boomerang         |       |       |    58 |     1 |       ||    59
       Dart              |       |       |       |    63 |     5 ||    68
 Cast: Corona            |    11 |    30 |    59 |   105 |    29 ||   234
       Slow              |     8 |    36 |    79 |   168 |    34 ||   325
       Regeneration      |       |       |     3 |    35 |    23 ||    61
       Cause Fear        |       |       |     2 |    29 |     8 ||    39
       Confusing Touch   |       |       |     1 |    49 |     6 ||    56
       Sticks to Snakes  |       |       |       |     4 |     1 ||     5
       Animate Dead      |       |       |       |     7 |    19 ||    26
Invok: Receive Corpses   |       |       |     1 |    11 |    16 ||    28
       Torment           |       |       |       |       |     1 ||     1
 Abil: Evoke Invisibilit |       |       |     2 |     2 |     1 ||     5
Evoke: Wand              |       |       |       |     1 |       ||     1
       Lamp of fire      |       |       |       |     1 |     1 ||     2
       Phial of floods   |       |       |       |       |     1 ||     1
       Sack of spiders   |       |       |       |       |     1 ||     1
  Use: Scroll            |       |     6 |     5 |     7 |     2 ||    20
       Potion            |       |     1 |       |     1 |       ||     2
 Stab: Sleeping          |       |       |     5 |    15 |     1 ||    21
       Invisible         |       |       |     2 |       |       ||     2
       Confused          |       |       |     1 |    29 |     2 ||    32
  Eat: Chunk             |     4 |    13 |    21 |    56 |    20 ||   114
       Ration            |       |       |     1 |     1 |       ||     2
Armor: Robe              |    23 |    20 |    25 |   160 |    23 ||   251
       Leather armour    |       |       |    23 |       |       ||    23
       Chain mail        |       |       |       |       |   108 ||   108
Dodge: Dodged            |    55 |   108 |   267 |   926 |   329 ||  1685

Table legend:
 A = Non-vault XP
 B = Vault XP
 C = Vault XP percentage of total XP
 D = Non-vault monster count
 E = Vault monster count
 F = Vault count percentage of total count
                 A         B        C        D         E       F
            +---------+---------+-------+---------+---------+-------
      Total |   31255 |   24221 |  43.7 |     376 |     159 |  29.7
            +---------+---------+-------+---------+---------+-------
        D:1 |      27 |       5 |  15.6 |      17 |       1 |   5.6
        D:2 |      85 |       0 |   0.0 |      23 |       0 |   0.0
        D:3 |     191 |      74 |  27.9 |      34 |       7 |  17.1
        D:4 |     337 |      26 |   7.2 |      20 |       5 |  20.0
        D:5 |     489 |       0 |   0.0 |      12 |       0 |   0.0
        D:6 |    1314 |     119 |   8.3 |      41 |       3 |   6.8
        D:7 |    1261 |     985 |  43.9 |      25 |       5 |  16.7
        D:8 |    1028 |     380 |  27.0 |      24 |       4 |  14.3
        D:9 |    4885 |     130 |   2.6 |      62 |       2 |   3.1
       D:10 |    2203 |    1119 |  33.7 |      15 |       3 |  16.7
       D:11 |     724 |    1924 |  72.7 |      14 |      43 |  75.4
       D:12 |      13 |       0 |   0.0 |       1 |       0 |   0.0
     Lair:1 |    3233 |     419 |  11.5 |      17 |       2 |  10.5
     Lair:2 |    3085 |     193 |   5.9 |      14 |       1 |   6.7
     Lair:3 |    2007 |     504 |  20.1 |      10 |       3 |  23.1
     Lair:4 |    5620 |       0 |   0.0 |      27 |       0 |   0.0
     Lair:5 |    4753 |    4290 |  47.4 |      20 |      18 |  47.4
      IceCv |       0 |   11341 | 100.0 |       0 |      50 | 100.0
   Gauntlet |       0 |    2712 | 100.0 |       0 |      12 | 100.0
            +---------+---------+-------+---------+---------+-------
